 Dungeon Crawl Stone Soup version 0.19.4-10-g532645f (webtiles) character file.

205 Magnus the Grave Robber (level 5, -11/35 HPs)
             Began as a Mummy Necromancer on Feb 25, 2017.
             Killed from afar by MirrMurr's ghost (12 damage)
             ... with a spray of energy
             ... on level 3 of the Dungeon.
             The game lasted 00:08:51 (3582 turns).

Magnus the Grave Robber (Mummy Necromancer)         Turns: 3582, Time: 00:08:52

Health: -11/35     AC:  3    Str: 11    XL:     5   Next: 53%
Magic:  4/11       EV: 12    Int: 15    God:
Gold:   124        SH:  0    Dex: 13    Spells: 3 memorised, 3 levels left

rFire  x . .     SeeInvis .     c - +0 dagger
rCold  + . .     Gourm    .     a - +0 robe
rNeg   + + +     Faith    .     (no shield)
rPois  ∞         Spirit   .     (no helmet)
rElec  .         Reflect  .     g - +0 cloak
rCorr  .         Harm     .     (no gloves)
MR     .....                    (no boots)
Stlth  +.........               (no amulet)
                                (no ring)
                                (no ring)

@: glowing
A: no food or potions, fire vulnerability, cold resistance 1, negative energy
resistance 3, torment resistance, unbreathing
a: no special abilities


You were on level 3 of the Dungeon.
You were not hungry.

You visited 1 branch of the dungeon, and saw 3 of its levels.

You collected 124 gold pieces.

Inventory:

Hand Weapons
 c - a +0 dagger (weapon)
Armour
 a - a +0 robe (worn)
 g - a +0 cloak (worn)
Scrolls
 d - 2 scrolls of enchant weapon {unknown}
 e - 2 scrolls of remove curse {unknown}
 f - 2 scrolls of identify {unknown}
 h - a scroll of fear {unknown}
 i - a scroll of fog {unknown}
Books
 b - a book of Necromancy

   Spells                             Type                      Level
   a - Pain                           Necromancy                   1
   b - Animate Skeleton               Necromancy                   1
   c - Vampiric Draining              Necromancy                   3
   d - Regeneration                   Charms/Necromancy            3
   e - Animate Dead                   Necromancy                   4
   f - Control Undead                 Necromancy                   4


   Skills:
 - Level 1.5 Dodging
 - Level 1.5 Stealth
 + Level 4.0 Spellcasting
 + Level 5.6 Necromancy


You had 3 spell levels left.
You knew the following spells:

 Your Spells              Type           Power        Failure   Level  Hunger
a - Pain                  Necr           ###.         1%          1    N/A
b - Animate Dead          Necr           N/A          21%         4    N/A
c - Control Undead        Necr           ###.......   21%         4    N/A

Dungeon Overview and Level Annotations

Branches:
Dungeon (3/15)

Altars:
Xom

Annotations:
D:2 Sigmund
D:3 Grinder; MirrMurr's ghost, amateur SpEn


Innate Abilities, Weirdness & Mutations

You do not eat or drink.
Your flesh is vulnerable to fire.
You are immune to poison.
Your flesh is cold resistant. (rC+)
You are immune to negative energy. (rN+++)
You are immune to unholy pain and torment.
You can survive without breathing.


Message History

MirrMurr's ghost misses you. MirrMurr's ghost closely misses you.
MirrMurr's ghost gestures at you while chanting.
You resist with some effort.
Your magical contamination has completely faded away.
MirrMurr's ghost gestures at you while chanting.
You resist with some effort. MirrMurr's ghost casts a spell at you.
You are outlined in light.
MirrMurr's ghost misses you.
MirrMurr's ghost hits you but does no damage.
MirrMurr's ghost wails.
MirrMurr's ghost points at you and mumbles some strange words.
The spray of energy hits you!
* * * LOW HITPOINT WARNING * * *
There is a stone staircase leading up here.
MirrMurr's ghost whispers, "It is all a dream - a grotesque and foolish dream."
MirrMurr's ghost casts a spell at you. The spray of energy hits you!
You die...

#..........######...Z.####
####......## ###......##
#.#.....## ##.......
#Z#......# ######..
#####Z#......#### #..
#.....#.........## ....
#.#####.....###..###
#.####
#.#......[.........# # #
#.#........@.#.....#
#.#........W#....#.# #.# #
#.........#.#..#.######
#...........##.........
#................######
#.........#####..# #.#
........... #..# #.#
####......###..# #.#
#...........####.###


You could see MirrMurr's ghost.

Vanquished Creatures
  Crazy Yiuf (D:2)
  Natasha (thrice) (D:2)
  3 adders (D:2)
  2 gnolls (D:1)
  An ooze (D:3)
  A worm (D:2)
  A dart slug (D:1)
  A ball python (D:2)
  4 giant cockroaches (D:2)
  8 goblins
  9 hobgoblins
  3 jackals (D:3)
  4 bats
  3 frilled lizards
  A kobold (D:2)
  3 rats
48 creatures vanquished.

Vanquished Creatures (collateral kills)
  2 jackals (D:3)
  A quokka (D:3)
3 creatures vanquished.

Grand Total: 51 creatures vanquished

Notes
Turn   | Place    | Note
-------+----------+-------------------------------------------
     0 | D:1      | Magnus the Mummy Necromancer began the quest for the Orb.
     0 | D:1      | Reached XP level 1. HP: 13/13 MP: 3/3
   225 | D:1      | Reached XP level 2. HP: 16/19 MP: 0/5
  1099 | D:2      | Reached XP level 3. HP: 24/24 MP: 5/7
  1317 | D:2      | Noticed Sigmund
  1756 | D:2      | Found a runed door.
  2000 | D:2      | Noticed Natasha
  2009 | D:2      | Killed Natasha
  2009 | D:2      | Reached XP level 4. HP: 26/30 MP: 0/9
  2089 | D:2      | Learned a level 4 spell: Animate Dead
  2094 | D:2      | Learned a level 4 spell: Control Undead
  2158 | D:2      | Reached skill level 5 in Necromancy
  2414 | D:2      | Noticed Natasha
  2418 | D:2      | Killed Natasha
  2418 | D:2      | Noticed Natasha
  2430 | D:2      | Killed Natasha
  2430 | D:2      | Reached XP level 5. HP: 22/35 MP: 4/10
  2588 | D:2      | Found a shimmering altar of Xom.
  3124 | D:2      | Noticed Crazy Yiuf
  3131 | D:2      | Killed Crazy Yiuf
  3462 | D:3      | Noticed MirrMurr's ghost (amateur SpEn)
  3530 | D:3      | Noticed Grinder
  3580 | D:3      | HP: 1/35 [MirrMurr's ghost/spray of energy (12)]
  3582 | D:3      | Killed from afar by MirrMurr's ghost

Skill      XL: |  1  2  3  4  5 |
---------------+----------------+-----
Spellcasting   | 3 4 |  4.0
Necromancy     | 5 |  5.6
Dodging        | |  1.5
Stealth        | |  1.5

Action                   |  1- 3 |  4- 6 || total
-------------------------+-------+-------++-------
Melee: Dagger            |     6 |       ||     6
 Cast: Pain              |    69 |    49 ||   118
       Animate Dead      |       |     8 ||     8
       Control Undead    |       |     2 ||     2
Armor: Robe              |     3 |     5 ||     8
Dodge: Dodged            |    11 |    12 ||    23
